 Dungeon Crawl Stone Soup version 0.27.0-1-g7a089689b8 (webtiles) character file.

Game seed: 12633359355984191341

21 sanka the Gusty (level 2, 0/22 HPs)
             Began as a Naga Air Elementalist on Aug 6, 2021.
             Slain by a jackal (1 damage)
             ... on level 1 of the Dungeon.
             The game lasted 00:01:07 (756 turns).

sanka the Gusty (Naga Air Elementalist)              Turns: 756, Time: 00:01:08

Health: 0/22       AC:  1    Str: 10    XL:     2   Next: 83%
Magic:  0/5        EV:  9    Int: 15    God:
Gold:   34         SH:  0    Dex: 11    Spells: 2/5 levels left

rFire    . . .     SeeInvis +   (no weapon)
rCold    . . .     Faith    .   (no shield)
rNeg     . . .     Spirit   .   a - +0 robe
rPois    +         Reflect  .   (no helmet)
rElec    .         Harm     .   (no cloak)
rCorr    .         Rampage  .   (no gloves)
Will     .....                  (no barding)
Stlth    ++........             (no amulet)
HPRegen  0.07/turn              (no ring)
MPRegen  0.09/turn              (no ring)

@: very slow
A: AC +0, large, see invisible, deformed body, poison resistance, slowness 2,
spit poison 1, naga tail 1
a: Spit Poison


You were on level 1 of the Dungeon.
You visited 1 branch of the dungeon, and saw 1 of its levels.

You collected 34 gold pieces.


Innate Abilities, Weirdness & Mutations

Your serpentine skin is tough. (AC +0)
You have supernaturally acute eyesight. (SInv)
Armour fits poorly on your strangely shaped body.
Your system is resistant to poisons. (rPois)
You cover ground very slowly.
You can spit poison.
You have a snake-like lower body.


   Skills:
 - Level 1.5 Dodging
 - Level 3.0 Stealth
 - Level 2.0 Spellcasting
 - Level 1.0 Conjurations
 + Level 4.0 Air Magic


You had 2 spell levels left.
You knew the following spells:

 Your Spells              Type           Power      Damage    Failure   Level
z - Shock                 Conj/Air       36%        1d5       8%          1
Z - Static Discharge      Conj/Air       9%         N/A       12%         2

Your spell library contained the following spells:

 Spells                   Type           Power      Damage    Failure   Level
 Swiftness                Air            13%        N/A       13%         3
 Airstrike                Air            6%         N/A       38%         4

Inventory:

Missiles
 c - a throwing net {=f}
Armour
 a - a +0 robe (worn)
Scrolls
 b - a scroll of teleportation {unknown}
 e - a scroll of noise {unknown}
 f - a scroll of magic mapping {unknown}
Potions
 d - a potion of lignification {unknown}

Dungeon Overview and Level Annotations

Branches:
Dungeon (1/15)

Altars:

▒...▒..▒..........▒
......▒▒..........▒
▒..▒...▒..........▒
......▒▒..........▒
▒.▒....▒..........▒
......▒▒▒▒▒.......▒▒▒▒▒▒▒▒
.▒.....▒ ▒....>..'......▒
......▒▒ ▒.....hh▒▒▒▒▒▒.▒
▒......▒▒▒▒.....N.▒ ▒.▒
......▒▒..........▒ ▒.▒
.▒.▒.▒...▒▒.......▒ ▒.▒
▒▒▒▒▒▒.▒.▒▒▒▒▒▒▒▒▒▒ ▒h▒
▒...▒ ▒▒▒▒▒▒▒▒.▒ ▒▒▒▒▒
▒........▒ ▒h▒▒▒▒▒▒▒▒ ▒.
▒.


You could see 2 jackals.


Message History

* * * LOW HITPOINT WARNING * * *
Your Air Magic skill increases to level 4!
Unknown command.
The jackal bites you.
* * * LOW HITPOINT WARNING * * *
Use which ability? (? or * to list)
Aim: a jackal (moderately wounded)
The splash of poison misses the jackal.
The jackal barely misses you.
The jackal bites you but does no damage.
You have got your breath back.
The jackal stops to sniff the ground.
The jackal barely misses you. The jackal barely misses you.
The jackal closely misses you.
There is an open door here.
The jackal bites you but does no damage.
The jackal closely misses you. The jackal bites you.
* * * LOW HITPOINT WARNING * * *
The jackal bites you but does no damage.
Aiming: Shock (safe; 8% risk of failure)
The zap misses the jackal.
The zap hits the jackal.
The jackal is severely wounded.
The jackal bites you.
* * * LOW HITPOINT WARNING * * *
The jackal bites you but does no damage.
The jackal bites you.
You die...

Action                   || total
-------------------------++-------
Melee: Unarmed           ||     1
 Cast: Shock             ||    34
 Abil: Spit Poison       ||     3
Armor: Robe              ||     6
Dodge: Dodged            ||    15

Levels and vault maps discovered:
D:1:      co_arrival_square_in_a_square_in_a_square, layout_basic

Notes
Turn   | Place    | Note
-------+----------+-------------------------------------------
     0 | D:1      | sanka the Naga Air Elementalist began the quest for the
                  | Orb.
     0 | D:1      | Reached XP level 1. HP: 15/15 MP: 3/3
   193 | D:1      | Reached XP level 2. HP: 22/22 MP: 3/5
   228 | D:1      | Learned a level 2 spell: Static Discharge
   747 | D:1      | Reached skill level 4 in Air Magic
   756 | D:1      | HP: 1/22 [jackal (2)]
   756 | D:1      | Slain by a jackal

Vanquished Creatures
  A dart slug (D:1)
  2 ball pythons (D:1)
  2 endoplasms (D:1)
  A hobgoblin (D:1)
  2 jackals (D:1)
  A quokka (D:1)
  2 bats (D:1)
  3 frilled lizards (D:1)
  4 rats (D:1)
18 creatures vanquished.
